Cogmind - Beta 10.2 *** ADVENTURER MODE // 2021.10.30 @ 17:48:46 Player: domorethanyoucan Result: Destroyed by S-43 Plague with Heavy Machine Gun Performance ------------- Evolutions (9) 4500 Regions Visited (15) 3000 Robots Destroyed (107) 535 Value Destroyed (5454) 5454 Prototype IDs (12) 240 Alien Tech Used (0) 0 Bonus (452) 452 TOTAL SCORE: 14181 Bonus ------- High Alert Combat Kills 311 Follower Combat Kills 141 Cogmind --------- Core Integrity 0/1600 Matter 239/300 Energy 99/100 System Corruption 5% Temperature Cool (0) Movement Core (50) Location -1/Access Parts ------- > --- POWER (3) -------- (None) > --- PROPULSION (6) --- (None) > --- UTILITY (12) ----- Advanced Target Analyzer > --- WEAPON (4) ------- (None) > --- INVENTORY (4) ---- (None) Peak State ------------ > --- POWER ------------ Light Particle Reactor Graviton Reactor Light Quantum Reactor > --- PROPULSION ------- Biometal Heavy Treads Advanced Myomer Leg Advanced Myomer Leg Centrium Leg Centrium Wheel > --- UTILITY ---------- Improved Fusion Compressor Advanced Power Amplifier Improved Heat Shielding Advanced Heat Sink Energy Well Energy Well Long-range Sensor Array Advanced Signal Interpreter Advanced Target Analyzer Improved Armor Integrity Analyzer Advanced Shield Generator System Shield > --- WEAPON ----------- Gamma Rifle Gamma Rifle Linear Accelerator Compact Mass Driver > --- INVENTORY -------- Light Antimatter Reactor Quantum Reactor Linear Accelerator [Rating: 175] Favorites ----------- Power Graviton Reactor Engine Heavy Deuterium Engine Power Core Neutrino Core Reactor Graviton Reactor Propulsion Centrium Wheel Treads Medium Treads Leg Advanced Myomer Leg Wheel Centrium Wheel Hover Unit Antigrav System Flight Unit Field Propulsion Drive Utility Advanced Signal Interpreter Device Advanced Heat Sink Storage Medium Storage Unit Processor Advanced Signal Interpreter Hackware System Shield Protection Heavy Reactive Plating Weapon Gamma Rifle Energy Gun Gamma Rifle Energy Cannon Compact Ion Cannon Ballistic Gun Railgun Ballistic Cannon Compact Mass Driver Launcher Gamma Bomb Array Special Weapon Mining Laser Impact Weapon Powered Hammer Slashing Weapon Power Sword Build | -11 -10 -9 -9 -8 -7 -6 -6 -6 -5 -5 -5 -4 -3 -2 -1 ------- Run | Scr Mat Mat Sto Mat Fac Fac Was Fac Fac Upp Upp Fac Res Res Acc Slots Evolved 18 | . . 2 . 2 2 2 . . 2 . . 2 2 2 2 Power 2 | . . . . . . 1 . . . . . . . . 1 Propulsion 4 | . . . . . 1 . . . . . . 1 2 . . Utility 10 | . . 2 . 2 1 1 . . 1 . . 1 . 2 . Weapon 2 | . . . . . . . . . 1 . . . . . 1 Parts Attached 184 | 6 5 1 5 2 16 2 . 10 7 7 . 31 44 26 22 Power 30 | 1 . . 1 1 2 1 . 2 1 1 . 4 10 2 4 Engine 6 | 1 . . 1 1 . . . 1 . 1 . 1 . . . Core 9 | . . . . . 2 1 . 1 1 . . 3 1 . . Reactor 15 | . . . . . . . . . . . . . 9 2 4 Propulsion 35 | 1 2 . . . 3 . . 1 . . . 8 5 5 10 Treads 4 | . . . . . 1 . . 1 . . . . 1 1 . Leg 8 | . . . . . 1 . . . . . . . 3 3 1 Wheel 7 | 1 2 . . . 1 . . . . . . 2 . 1 . Hover 4 | . . . . . . . . . . . . 4 . . . Flight 12 | . . . . . . . . . . . . 2 1 . 9 Utility 54 | 2 1 1 1 . 6 1 . 2 1 3 . 9 14 11 2 Device 30 | 1 . 1 . . 3 1 . 2 1 2 . 3 6 8 2 Storage 10 | 1 . . . . 2 . . . . 1 . 2 3 1 . Processor 9 | . 1 . 1 . 1 . . . . . . 1 3 2 . Hackware 2 | . . . . . . . . . . . . 1 1 . . Protection 3 | . . . . . . . . . . . . 2 1 . . Artifact . | . . . . . . . . . . . . . . . . Weapon 65 | 2 2 . 3 1 5 . . 5 5 3 . 10 15 8 6 Energy Gun 23 | 2 . . 1 . 1 . . . . . . 6 8 3 2 Energy Cannon 17 | . . . 1 . 1 . . 3 4 1 . 3 2 1 1 Ballistic Gun 2 | . . . . . . . . . . . . . 2 . . Ballistic Cannon 9 | . . . . 1 . . . . . 1 . . 2 2 3 Launcher 5 | . 1 . . . 1 . . . . 1 . . . 2 . Special Weapon 3 | . 1 . 1 . 1 . . . . . . . . . . Impact Weapon 2 | . . . . . 1 . . 1 . . . . . . . Slashing Weapon 4 | . . . . . . . . 1 1 . . 1 1 . . Piercing Weapon . | . . . . . . . . . . . . . . . . Special Melee Weapon . | . . . . . . . . . . . . . . . . Unidentified Prototypes 12 | . . . 2 . 1 . . 2 . . . 1 3 3 . Parts Lost 85 | . . . . 1 . . . . 3 13 1 8 18 8 33 Power 11 | . . . . . . . . . . 3 . 1 1 1 5 Propulsion 23 | . . . . 1 . . . . . 2 . 1 5 1 13 Utility 29 | . . . . . . . . . 2 4 1 3 6 4 9 Weapon 22 | . . . . . . . . . 1 4 . 3 6 2 6 Highest Loss Streak 14 | . . . . 1 . . . . 3 11 1 7 7 2 14 Average Slot Usage (%) 83 | . 100 88 94 80 90 93 93 92 85 78 23 62 86 90 74 Engine 3 | . 14 11 11 9 4 . . 2 5 4 . 2 . . . Core 2 | . . . . . 2 13 13 9 5 4 . 1 . . . Reactor 3 | . . . . . . . . . . . . . 7 7 8 Treads 2 | . . . . . 1 6 6 6 5 4 . . 2 4 2 Leg 3 | . . . . . 4 . . . . . . . 5 10 10 Wheel 6 | . 28 22 22 17 7 6 6 6 5 4 . 5 6 4 2 Hover 1 | . . . . . . . . . . . . 8 1 . . Device 16 | . 12 11 11 9 22 26 26 25 20 14 . 5 15 21 14 Storage 8 | . 14 11 11 9 12 6 6 6 5 5 5 7 8 8 7 Processor 15 | . 1 11 16 18 17 20 20 20 17 17 17 13 15 14 10 Hackware 1 | . . . . . . . . . . . . 3 1 4 3 Energy Gun 3 | . 17 11 7 . . . . . . . . 3 6 2 4 Energy Cannon 5 | . . . 8 9 5 6 6 7 15 12 . . 2 2 . Ballistic Cannon 2 | . . . . 3 5 . . . . . . . 1 4 6 Slashing Weapon 1 | . . . . . . . . 2 . 3 . 3 . . . Naked Turns . | . . . . . . . . . . . . . . . . Heaviest Build 106 | 12 13 13 15 17 32 34 34 42 59 59 8 68 85 82 106 Greatest Support 115 | 10 20 20 20 20 28 28 28 28 28 28 3 49 60 90 115 Greatest Overweight (x) 6 | 1 1 . . 1 3 1 1 1 2 5 2 4 4 5 6 Average Overweight (x) 1 | . . . . . 1 1 1 1 1 1 2 1 1 1 1 Largest Inventory Capacity 8 | 6 6 6 6 6 8 8 8 8 8 8 8 8 8 4 4 Average Capacity 6 | 5 6 6 6 6 7 8 8 8 8 8 8 8 5 4 4 Most Carried 8 | 6 6 5 6 6 8 7 7 8 8 8 6 8 8 4 4 Average Carried 5 | 2 5 5 5 6 6 6 7 7 7 6 5 4 4 3 1 Final Capacity 8 | 6 6 6 6 6 8 8 8 8 8 8 8 8 4 4 4 Final Carried 8 | 6 6 5 6 6 8 7 7 8 7 4 6 4 4 4 . Class Distribution -------------------- 22% | Mutant 18% | Assassin 15% | Skirmisher 8% | Scavenger-Gunner 8% | Hacker-Mutant 5% | Scavenger-Skirmisher 4% | Scavenger-Mutant 4% | Generator-Gunner 3% | Scavenger-Tank Dominant Class ---------------- Mutant | -10/Materials Mutant | -9/Materials Mutant | -9/Storage Mutant | -8/Materials Mutant | -7/Factory Assassin | -6/Factory Assassin | -6/Waste Assassin | -6/Factory Skirmisher | -5/Factory Assassin | -5/Upper Caves Mutant | -5/Upper Caves Hacker-Mutant | -4/Factory Scavenger-Gunner | -3/Research Scavenger-Gunner | -2/Research Generator-Gunner | -1/Access Resources | -11 -10 -9 -9 -8 -7 -6 -6 -6 -5 -5 -5 -4 -3 -2 -1 ----------- Run | Scr Mat Mat Sto Mat Fac Fac Was Fac Fac Upp Upp Fac Res Res Acc Matter Collected 3210 | 260 1 . 115 . 245 . . 100 85 30 . 294 940 665 475 Remotely 30 | . . . . . . . . . . 30 . . . . . Salvage Created 5908 | 134 39 . 156 59 154 . . 47 393 115 . 468 2087 1836 420 Parts 322 | 9 3 . 11 1 12 . . 5 21 10 . 30 114 90 16 Haulers Intercepted . | . . . . . . . . . . . . . . . . Recyclers Shooed 1 | . . . . . . . . . . . . . 1 . . Parts Field Recycled . | . . . . . . . . . . . . . . . . Retrieved Matter . | . . . . . . . . . . . . . . . . Parts Self-Destructed 12 | . . . . . . . . . . 12 . . . . . Prevented . | . . . . . . . . . . . . . . . . Kills | -11 -10 -9 -9 -8 -7 -6 -6 -6 -5 -5 -5 -4 -3 -2 -1 ------- Run | Scr Mat Mat Sto Mat Fac Fac Was Fac Fac Upp Upp Fac Res Res Acc Combat Hostiles Destroyed 83 | . 3 . 2 2 3 . . 1 5 3 . 5 26 27 6 Melee 2 | . . . . . . . . . . . . 2 . . . Guns 18 | . . . 1 . . . . . . . . 2 15 . . Cannons 37 | . . . 1 2 3 . . 1 4 1 . . 9 12 4 AOE 18 | . 3 . . . . . . . . 2 . . . 13 . Classes Destroyed 12 | 2 1 . 2 1 1 . . . 2 1 . 1 . 1 . Worker 7 | . . . . . . . . . 2 . . 1 3 1 . Builder 4 | . . . . . . . . . . . . . . 4 . Tunneler 4 | 2 . . . . . . . . . . . 1 . 1 . Recycler 2 | 1 . . . . . . . . . . . . 1 . . Mechanic 1 | . . . . . . . . . . . . 1 . . . Watcher 6 | . . . 2 . . . . . 1 . . . 1 1 1 Swarmer 20 | . 3 . . . . . . . . 2 . . 4 10 1 Grunt 21 | . . . . 2 1 . . . 2 . . . 8 6 2 Sentry 15 | . . . 2 . 1 . . . . . . 2 5 4 1 Hunter 6 | . . . . . . . . . 3 . . 1 . 2 . Programmer 20 | . . . . . 1 . . 1 . . . 2 9 5 2 Behemoth 1 | . . . . . . . . . . 1 . . . . . Best Kill Streak 18 | 2 3 . 2 2 2 . . 1 3 2 . 3 7 18 3 Combat Bots Only 13 | . 3 . 1 2 2 . . 1 2 2 . 1 6 13 3 Max Kills in Single Turn 3 | 1 3 . 1 1 1 . . 1 2 2 . 1 2 3 1 Gunslinging . | . . . . . . . . . . . . . . . . Exploded 3 | . 3 . . . . . . . . 2 . . . 3 . Melee 1 | . . . . . . . . . . . . 1 . . . Uniques/NPCs Destroyed . | . . . . . . . . . . . . . . . . Combat | -11 -10 -9 -9 -8 -7 -6 -6 -6 -5 -5 -5 -4 -3 -2 -1 -------- Run | Scr Mat Mat Sto Mat Fac Fac Was Fac Fac Upp Upp Fac Res Res Acc Damage Taken 13693 | . 24 34 29 227 181 . . . 703 1245 223 1677 2417 1867 5066 Core 3181 | . . . . 47 57 . . . 312 194 188 333 289 156 1605 Absorbed by Shields 794 | . . . . . . . . . . . . . 453 . 341 Core Remaining (%) 84 | 100 100 . 100 91 91 . . 100 . . 30 71 77 89 . Volleys Fired 282 | 5 5 . 11 11 15 . . 6 19 15 . 28 93 50 24 Largest 4 | 2 2 . 2 2 2 . . 2 3 2 . 2 3 3 4 Hottest 295 | 80 100 . 124 103 115 . . 180 255 180 . 153 276 266 295 Shots Fired 613 | 10 6 . 15 18 20 . . 12 41 29 . 41 212 145 64 Gun 257 | 10 1 . 6 . . . . . . . . 36 152 21 31 Cannon 315 | . . . 6 18 14 . . 12 41 28 . 5 60 98 33 Launcher 29 | . 1 . . . 1 . . . . 1 . . . 26 . Special 12 | . 4 . 3 . 5 . . . . . . . . . . Kinetic 149 | . . . . 10 5 . . . . 2 . . 42 58 32 Thermal 277 | . 4 . 15 8 14 . . 12 30 26 . 19 100 40 9 Explosive 3 | . 1 . . . 1 . . . . 1 . . . . . Electromagnetic 184 | 10 1 . . . . . . . 11 . . 22 70 47 23 Robot Hit Streak 45 | 8 10 . 18 18 21 . . 8 12 18 . 33 45 19 19 Robot Miss Streak 5 | . . . 1 . 1 . . 2 4 2 . 1 2 5 3 Penetration Max 1 | . . . . . . . . . . . . . . 1 . Secondary Targets 2 | . . . . . . . . . . . . . 2 . . Max Gunslinging Chain 1 | . . . . . . . . . . . . . 1 . . Shots Hit Robots 457 | 8 2 . 9 17 10 . . 5 27 22 . 50 159 103 45 Core Hits 257 | 4 3 . 5 4 5 . . 1 13 10 . 17 78 103 14 Critical Hits 23 | . . . . 1 . . . . . 1 . 1 13 5 2 Critical Kills 7 | . . . . . . . . . . . . . 3 4 . Critical Parts Destroyed 12 | . . . . 1 . . . . . 1 . . 7 1 2 Melee Attacks 19 | . . . . . 3 . . 3 1 . . 11 1 . . Impact 5 | . . . . . 3 . . 2 . . . . . . . Slashing 14 | . . . . . . . . 1 1 . . 11 1 . . Piercing . | . . . . . . . . . . . . . . . . Sneak Attacks 4 | . . . . . . . . . 1 . . 3 . . . Combat Hostiles . | . . . . . . . . . . . . . . . . Follow-up Attacks . | . . . . . . . . . . . . . . . . Damage Inflicted 15694 | 102 124 . 173 309 258 . . 121 983 961 . 1577 4306 5275 1505 Guns 4559 | 102 12 . 83 . . . . . . . . 729 2664 244 725 Cannons 7883 | . . . 81 309 224 . . 121 844 698 . 200 1618 3014 774 Explosions 2392 | . 112 . . . . . . . . 263 . . . 2017 . Melee 821 | . . . . . 34 . . . 139 . . 648 . . . Ramming 39 | . . . 9 . . . . . . . . . 24 . 6 Kinetic 3430 | . . . . 165 56 . . . . 57 . . 851 1527 774 Thermal 6725 | . 80 . 164 144 168 . . 121 575 641 . 585 2409 1635 203 Explosive 295 | . 32 . . . . . . . . 263 . . . . . Electromagnetic 4384 | 102 12 . . . . . . . 269 . . 344 1022 2113 522 Impact 34 | . . . . . 34 . . . . . . . . . . Slashing 787 | . . . . . . . . . 139 . . 648 . . . Piercing . | . . . . . . . . . . . . . . . . Highest Corruption 9 | . . . 2 . . . . 1 . . . 5 9 2 5 Average Corruption 3 | . . . 2 . . . . 1 . . . 1 5 1 3 Corruption Purged . | . . . . . . . . . . . . . . . . Effects 52 | . . . 1 . . . . 2 . . . 5 40 . 4 Message Errors 11 | . . . . . . . . 2 . . . 1 6 . 2 Matter Fused 12 | . . . . . . . . . . . . 1 11 . . Heat Flow Errors 2 | . . . . . . . . . . . . . 2 . . Energy Discharges 7 | . . . . . . . . . . . . 3 3 . 1 Data Loss (minor) 5 | . . . 1 . . . . . . . . . 3 . 1 Data Loss (major) 2 | . . . . . . . . . . . . . 2 . . Misfires 2 | . . . . . . . . . . . . . 2 . . Targeting Errors 11 | . . . . . . . . . . . . . 11 . . Overload Shots . | . . . . . . . . . . . . . . . . Overflow Damage 485 | . . . . . . . . 5 20 55 . 125 19 254 7 Projectiles 297 | . . . . . . . . 5 20 2 . 25 19 219 7 Explosions 88 | . . . . . . . . . . 53 . . . 35 . Melee 100 | . . . . . . . . . . . . 100 . . . Knockbacks 25 | . . . . 5 . . . . . 2 . . 4 7 7 Impact . | . . . . . . . . . . . . . . . . Kinetic 18 | . . . . 3 . . . . . 1 . . 3 6 5 Secondary 7 | . . . . 2 . . . . . 1 . . 1 1 2 Self-Inflicted Damage 92 | . . . 4 . . . . . . . . . . 86 2 Shots 13 | . . . . . . . . . . . . . . 13 . Rammed 7 | . . . 1 . . . . . . . . . 2 . 4 Targets Rammed 7 | . . . 1 . . . . . . . . . 2 . 4 Kicked . | . . . . . . . . . . . . . . . . Crushed . | . . . . . . . . . . . . . . . . Highest Temperature 971 | 36 40 . 140 234 9 . . 225 971 329 . 247 451 185 564 Average Temperature 132 | 18 19 . 32 128 9 . . 106 305 123 . 87 118 66 243 Received Heat Transfer 1125 | . . . 9 144 54 . . . . 450 . 117 288 36 27 Effects 52 | . . . . 1 . . . . 25 . . 1 6 . 19 Shutdowns 16 | . . . . . . . . . 5 . . . 2 . 9 Energy Bleed 8 | . . . . . . . . . 3 . . 1 1 . 3 Interference 5 | . . . . 1 . . . . 3 . . . 1 . . Short Circuit 5 | . . . . . . . . . 1 . . . 1 . 3 Damage (minor) 7 | . . . . . . . . . 3 . . . 1 . 3 Damage (major) 9 | . . . . . . . . . 8 . . . . . 1 Damage (core) 2 | . . . . . . . . . 2 . . . . . . Siege Activations . | . . . . . . . . . . . . . . . . Robots Corrupted 9 | . . . . . . . . . 1 . . 2 2 2 2 Combat Hostiles 8 | . . . . . . . . . 1 . . 1 2 2 2 Parts Fried 26 | . . . . . . . . . 1 . . 3 6 11 5 Impact Corruptions 2 | . . . . . . . . . . 1 . . . . 1 Robots Melted . | . . . . . . . . . . . . . . . . Combat Hostiles . | . . . . . . . . . . . . . . . . Parts Melted 8 | . . . 1 . . . . . . 1 . . 5 1 . Heat Transferred 8188 | . 50 . 333 259 300 . . 161 643 844 . 742 3276 1321 259 Parts Sabotaged . | . . . . . . . . . . . . . . . . Parts Stolen . | . . . . . . . . . . . . . . . . Parts Stripped . | . . . . . . . . . . . . . . . . Power Chain Reactions 2 | . 1 . . . . . . . . . . . . 1 . Missiles Intercepted . | . . . . . . . . . . . . . . . . Alert | -11 -10 -9 -9 -8 -7 -6 -6 -6 -5 -5 -5 -4 -3 -2 -1 ------- Run | Scr Mat Mat Sto Mat Fac Fac Was Fac Fac Upp Upp Fac Res Res Acc Peak Influence 757 | 15 87 31 326 284 174 27 7 82 136 . . 148 390 757 375 Initial 283 | . 8 31 10 117 116 27 7 . . . . 5 13 93 283 Average 132 | 7 22 31 133 172 71 27 1 23 35 . . 55 175 330 244 Maximum Alert Level 3 | . . . 1 1 . . . . . . . . 1 3 1 Low Security (%) 74 | 100 100 100 61 71 100 100 100 100 100 . . 100 66 23 31 Level 1 22 | . . . 38 28 . . . . . . . . 33 49 68 Level 2 2 | . . . . . . . . . . . . . . 23 . Level 3 . | . . . . . . . . . . . . . . 3 . Level 4 . | . . . . . . . . . . . . . . . . Level 5 . | . . . . . . . . . . . . . . . . High Security . | . . . . . . . . . . . . . . . . Max Security . | . . . . . . . . . . . . . . . . Squads Dispatched 23 | . . . 1 3 1 . . 1 2 . . 3 6 5 1 Investigation 5 | . . . . 2 . . . 1 . . . . 1 1 . Extermination 9 | . . . . . 1 . . . 1 . . 1 3 2 1 Reinforcement 9 | . . . 1 1 . . . . 1 . . 2 2 2 . Assault . | . . . . . . . . . . . . . . . . Garrison . | . . . . . . . . . . . . . . . . Intercept . | . . . . . . . . . . . . . . . . Construction Impeded 2 | . . . . . . . . . . . . 1 . 1 . Haulers Reinforced 1 | . . . . . . . . . 1 . . . . . . Stealth | -11 -10 -9 -9 -8 -7 -6 -6 -6 -5 -5 -5 -4 -3 -2 -1 --------- Run | Scr Mat Mat Sto Mat Fac Fac Was Fac Fac Upp Upp Fac Res Res Acc Distress Signals 8 | . . . 1 3 . . . . . . . . 1 1 2 Communications Jammed 13 | . . . . . . . . . 1 . . 12 . . . Distress Signals 13 | . . . . . . . . . 1 . . 12 . . . Times Spotted 219 | . 4 4 10 14 5 . 1 7 9 17 7 13 43 42 43 Peak Tracking Total 16 | . 3 4 3 12 2 . 1 3 3 13 6 3 6 6 16 Tactical Retreats 24 | . . . 1 1 . . 1 1 . 3 . 2 7 2 6 Traps | -11 -10 -9 -9 -8 -7 -6 -6 -6 -5 -5 -5 -4 -3 -2 -1 ------- Run | Scr Mat Mat Sto Mat Fac Fac Was Fac Fac Upp Upp Fac Res Res Acc Traps Triggered 21 | . 1 . 2 . 1 1 . 5 1 . . 1 1 7 1 Indirectly 4 | . . . . . . . . . . . . . . 4 . Trap Hack Attempts . | . . . . . . . . . . . . . . . . Triggered . | . . . . . . . . . . . . . . . . Disarmed . | . . . . . . . . . . . . . . . . Reprogrammed . | . . . . . . . . . . . . . . . . Reused . | . . . . . . . . . . . . . . . . Traps Extracted . | . . . . . . . . . . . . . . . . Installed . | . . . . . . . . . . . . . . . . Triggered . | . . . . . . . . . . . . . . . . Machines | -11 -10 -9 -9 -8 -7 -6 -6 -6 -5 -5 -5 -4 -3 -2 -1 ---------- Run | Scr Mat Mat Sto Mat Fac Fac Was Fac Fac Upp Upp Fac Res Res Acc Machines Disabled 2 | . . . . . . . . . . 1 . . . 1 . Max in Single Turn 1 | . . . . . . . . . . 1 . . . 1 . Garrison Access 2 | . . . . 1 . . . . . . . 1 . . . Machines Sabotaged . | . . . . . . . . . . . . . . . . Garrisons Compromised . | . . . . . . . . . . . . . . . . Overloaded Fab Kills . | . . . . . . . . . . . . . . . . Fab Network Shutdowns . | . . . . . . . . . . . . . . . . Hacking | -11 -10 -9 -9 -8 -7 -6 -6 -6 -5 -5 -5 -4 -3 -2 -1 --------- Run | Scr Mat Mat Sto Mat Fac Fac Was Fac Fac Upp Upp Fac Res Res Acc Machines Accessed 30 | . 5 . 2 5 4 . . 1 3 . . 4 4 . 2 Terminals 25 | . 5 . 2 4 4 . . 1 1 . . 2 4 . 2 Fabricators 1 | . . . . . . . . . 1 . . . . . . Repair Stations . | . . . . . . . . . . . . . . . . Recycling Units . | . . . . . . . . . . . . . . . . Scanalyzers 1 | . . . . . . . . . . . . 1 . . . Garrison Access 3 | . . . . 1 . . . . 1 . . 1 . . . Total Hacks 73 | . 12 . 5 13 13 . . 2 3 . . 12 10 . 3 Successful 38 | . 8 . 1 8 5 . . . 2 . . 11 2 . 1 Failed 35 | . 4 . 4 5 8 . . 2 1 . . 1 8 . 2 Catastrophic 7 | . . . 1 . 2 . . . 1 . . . 3 . . Database Lockouts . | . . . . . . . . . . . . . . . . Manual 56 | . 10 . 5 10 13 . . 2 1 . . 2 10 . 3 Terminals 62 | . 12 . 5 12 13 . . 2 1 . . 4 10 . 3 Fabricators 1 | . . . . . . . . . 1 . . . . . . Repair Stations . | . . . . . . . . . . . . . . . . Recycling Units . | . . . . . . . . . . . . . . . . Scanalyzers 6 | . . . . . . . . . . . . 6 . . . Garrison Access 4 | . . . . 1 . . . . 1 . . 2 . . . Terminal Hacks 10 | . 4 . . 4 . . . . . . . 2 . . . Record 1 | . 1 . . . . . . . . . . . . . . Level Access Points 1 | . . . . 1 . . . . . . . . . . . Branch Access Points 1 | . 1 . . . . . . . . . . . . . . Terminal Index 2 | . 1 . . 1 . . . . . . . . . . . Alert Level 1 | . . . . . . . . . . . . 1 . . . Locate Traps 1 | . 1 . . . . . . . . . . . . . . Dispatch Records 1 | . . . . 1 . . . . . . . . . . . Recall Investigation 2 | . . . . 1 . . . . . . . 1 . . . Fabricator Hacks 1 | . . . . . . . . . 1 . . . . . . Network Status 1 | . . . . . . . . . 1 . . . . . . Repair Station Hacks . | . . . . . . . . . . . . . . . . Recycling Unit Hacks . | . . . . . . . . . . . . . . . . Scanalyzer 6 | . . . . . . . . . . . . 6 . . . Insert Component 3 | . . . . . . . . . . . . 3 . . . Analyze 3 | . . . . . . . . . . . . 3 . . . Garrison Access Hacks 2 | . . . . 1 . . . . . . . 1 . . . Seal Access 2 | . . . . 1 . . . . . . . 1 . . . Unauthorized Hacks 19 | . 4 . 1 3 5 . . . 1 . . 2 2 . 1 Terminals 19 | . 4 . 1 3 5 . . . 1 . . 2 2 . 1 Assimilate 1 | . . . . . 1 . . . . . . . . . . Botnet 18 | . 4 . 1 3 4 . . . 1 . . 2 2 . 1 Fabricators . | . . . . . . . . . . . . . . . . Repair Stations . | . . . . . . . . . . . . . . . . Recycling Units . | . . . . . . . . . . . . . . . . Scanalyzers . | . . . . . . . . . . . . . . . . Garrison Access . | . . . . . . . . . . . . . . . . Data Cores Recovered . | . . . . . . . . . . . . . . . . Used . | . . . . . . . . . . . . . . . . Hacking Detections 22 | . 2 . 2 3 4 . . 1 2 . . 2 4 . 2 Full Trace Events 4 | . . . . 2 . . . 1 . . . . 1 . . Feedback Events 1 | . . . . . . . . 1 . . . . . . . Corruption 1 | . . . . . . . . 1 . . . . . . . Feedback Blocked . | . . . . . . . . . . . . . . . . Robot Schematics Acquired . | . . . . . . . . . . . . . . . . Robots Built . | . . . . . . . . . . . . . . . . Matter . | . . . . . . . . . . . . . . . . Time . | . . . . . . . . . . . . . . . . Total Robot Build Rating . | . . . . . . . . . . . . . . . . Part Schematics Acquired 3 | . . . . . . . . . . . . 3 . . . Parts Built . | . . . . . . . . . . . . . . . . Matter . | . . . . . . . . . . . . . . . . Time . | . . . . . . . . . . . . . . . . Total Part Build Rating . | . . . . . . . . . . . . . . . . Parts Repaired . | . . . . . . . . . . . . . . . . Time . | . . . . . . . . . . . . . . . . Parts Recycled . | . . . . . . . . . . . . . . . . Recycled Matter . | . . . . . . . . . . . . . . . . Retrieved Matter . | . . . . . . . . . . . . . . . . Retrieved Components . | . . . . . . . . . . . . . . . . Parts Scanalyzed 3 | . . . . . . . . . . . . 3 . . . Part Schematics Acquired 3 | . . . . . . . . . . . . 3 . . . Parts Damaged . | . . . . . . . . . . . . . . . . Bothacking | -11 -10 -9 -9 -8 -7 -6 -6 -6 -5 -5 -5 -4 -3 -2 -1 ------------ Run | Scr Mat Mat Sto Mat Fac Fac Was Fac Fac Upp Upp Fac Res Res Acc Used RIF Installer . | . . . . . . . . . . . . . . . . Robots Hacked . | . . . . . . . . . . . . . . . . Non-combat . | . . . . . . . . . . . . . . . . Combat . | . . . . . . . . . . . . . . . . Robot Hacks Applied . | . . . . . . . . . . . . . . . . Relay Couplers Released . | . . . . . . . . . . . . . . . . Robots Rewired . | . . . . . . . . . . . . . . . . Allies Hacked . | . . . . . . . . . . . . . . . . Hacks Repelled . | . . . . . . . . . . . . . . . . Allies | -11 -10 -9 -9 -8 -7 -6 -6 -6 -5 -5 -5 -4 -3 -2 -1 -------- Run | Scr Mat Mat Sto Mat Fac Fac Was Fac Fac Upp Upp Fac Res Res Acc Total Allies 3 | . . . 1 . 1 . 1 . . . . . . . . Largest Group 1 | . . . 1 1 1 . 1 . . . . . . . . Highest-Rated Group 99 | . . . 99 99 10 . 31 . . . . . . . . Highest-Rated Ally 99 | . . . 99 99 10 . 31 . . . . . . . . Total Orders . | . . . . . . . . . . . . . . . . Ally Attacks 18 | . . . 14 . . . 4 . . . . . . . . Total Damage 442 | . . . 379 . . . 63 . . . . . . . . Kills 5 | . . . 5 . . . . . . . . . . . . Allies Corrupted . | . . . . . . . . . . . . . . . . Allies Melted . | . . . . . . . . . . . . . . . . Intel | -11 -10 -9 -9 -8 -7 -6 -6 -6 -5 -5 -5 -4 -3 -2 -1 ------- Run | Scr Mat Mat Sto Mat Fac Fac Was Fac Fac Upp Upp Fac Res Res Acc Robot Analysis Total . | . . . . . . . . . . . . . . . . Derelict Logs Recovered 1 | . . . . . . . . . . 1 . . . . . Drone Launches . | . . . . . . . . . . . . . . . . Drone Recoveries . | . . . . . . . . . . . . . . . . Exploration | -11 -10 -9 -9 -8 -7 -6 -6 -6 -5 -5 -5 -4 -3 -2 -1 ------------- Run | Scr Mat Mat Sto Mat Fac Fac Was Fac Fac Upp Upp Fac Res Res Acc Turns Passed 7719 | 70 224 29 278 177 859 34 99 809 568 790 39 816 1347 831 749 Spaces Moved 5545 | 47 238 35 295 142 652 29 91 478 401 647 26 618 733 486 627 Core 202 | 10 . . . . . . . . . 5 26 62 . . 99 Treads 188 | . . . . . . . . 177 . . . . 11 . . Legs 826 | . . . . . . . . . . . . . 261 330 235 Wheels 3902 | 37 238 35 295 142 652 29 91 301 401 642 . 332 461 156 90 Hover 218 | . . . . . . . . . . . . 218 . . . Flight 209 | . . . . . . . . . . . . 6 . . 203 Fastest Speed 31 | 50 80 80 80 80 90 110 110 110 110 110 150 40 100 110 31 Average Speed 109 | 81 80 80 80 81 101 110 110 135 116 113 150 101 128 126 92 Slowest Speed 300 | 90 90 80 80 90 110 110 110 180 120 300 150 200 240 180 150 Overloaded Moves . | . . . . . . . . . . . . . . . . Propulsion Burnouts . | . . . . . . . . . . . . . . . . Robots Hopped 3 | . . . . . . . . . . . . . . . 3 Cave-ins Triggered . | . . . . . . . . . . . . . . . . Exploration Rate (%) 24 | 3 49 7 47 25 18 1 67 16 12 81 7 14 21 12 19 Regions Visited 15 Branch Regions 3 Pre-discovered Areas . | . . . . . . . . . . . . . . . . Known Exits Taken 8 | . . . . 1 1 . . 1 1 1 1 . 1 1 . Unknown Exits Taken 5 | 1 1 1 1 . . . . . . . . 1 . . . Scrap Searched 1 | . . . . . . . . . . 1 . . . . . Spaces Dug 36 | . 4 . 3 . 9 . . 3 . . . . 5 6 6 Terrain Destroyed 114 | . 15 . 3 . 9 . . 9 8 6 . . 16 38 10 Melee 5 | . . . . . 2 . . 3 . . . . . . . Projectile 79 | . 4 . 3 . . . . 6 8 2 . . 16 30 10 AOE 30 | . 11 . . . 7 . . . . 4 . . . 8 . Terrain Rammed . | . . . . . . . . . . . . . . . . Walls Destroyed . | . . . . . . . . . . . . . . . . Machines Disabled . | . . . . . . . . . . . . . . . . Actions | -11 -10 -9 -9 -8 -7 -6 -6 -6 -5 -5 -5 -4 -3 -2 -1 --------- Run | Scr Mat Mat Sto Mat Fac Fac Was Fac Fac Upp Upp Fac Res Res Acc Total 6598 | 68 256 35 313 185 814 32 90 619 460 671 27 749 950 584 745 Wait 365 | . . . . 30 104 . . 97 28 . . 31 26 2 47 Move 5526 | 46 237 34 294 141 651 29 90 477 400 646 25 617 732 485 622 Hop 2 | . . . . . . . . . . . . . . . 2 Pick Up 123 | 11 5 . 1 . 13 1 . 5 3 3 . 23 35 8 15 Fast Attach 34 | 1 . . 2 . 4 . . 5 . . . 1 6 14 1 Attach 95 | 5 1 1 . . 4 2 . . 2 6 . 28 22 4 20 Detach 8 | . . . . . . . . . . . 2 5 . . 1 Swap 55 | . 4 . 3 2 8 . . 5 5 1 . 2 16 8 1 Drop 64 | . 4 . 1 1 12 . . 5 2 . . 3 17 13 6 Fire 282 | 5 5 . 11 11 15 . . 6 19 15 . 28 93 50 24 Melee 19 | . . . . . 3 . . 3 1 . . 11 1 . . Ram 5 | . . . 1 . . . . . . . . . . . 4 Kick . | . . . . . . . . . . . . . . . . Crush 2 | . . . . . . . . . . . . . 2 . . Escape Stasis 18 | . . . . . . . . 16 . . . . . . 2 Rewire . | . . . . . . . . . . . . . . . . Trap . | . . . . . . . . . . . . . . . . Miscellaneous . | . . . . . . . . . . . . . . . . Route ------- -11/Scrapyard -10/Materials (discovered 3 exits: [*Mat x2] / Min) -9/Materials -9/Storage -8/Materials (discovered 3 exits: *Fac x3) -7/Factory (discovered 2 exits: *Fac x2) -6/Factory -6/Waste -6/Factory -5/Factory -5/Upper Caves -5/Upper Caves -4/Factory -3/Research -2/Research -1/Access History --------- Turn | Location | Event 18 | -11/Scrapyard | Discovered new exit (range 16) 71 | -11/Scrapyard | Entered Materials 181 | -10/Materials | Discovered new exit (range 8) 276 | -10/Materials | Discovered new exit (range 13) 284 | -10/Materials | Identified exit to Mines 295 | -10/Materials | Entered another Materials area 295 | -9/Materials | Evolved 2 slots: Utility x2 316 | -9/Materials | Build established: Mutant 321 | -9/Materials | Discovered new exit (range 5) 324 | -9/Materials | Entered Storage 373 | -9/Storage | Met 01-MTF 575 | -9/Storage | Discovered new exit (range 17) 602 | -9/Storage | Entered Materials 602 | -8/Materials | Accompanied by 1 ally (01-MTF) 602 | -8/Materials | Evolved 2 slots: Utility x2 607 | -8/Materials | 01-MTF left 753 | -8/Materials | Identified exit to Factory 779 | -8/Materials | Entered Factory 779 | -7/Factory | Evolved 2 slots: Propulsion x1, Utility x1 864 | -7/Factory | Discovered new exit (range 13) 1490 | -7/Factory | Discovered new exit (range 16) 1632 | -7/Factory | Identified exit to Factory 1638 | -7/Factory | Entered another Factory area 1638 | -6/Factory | Evolved 2 slots: Power x1, Utility x1 1672 | -6/Factory | Sucked down chute 1672 | -6/Factory | Entered Waste 1673 | -6/Waste | Met a frightened Derelict 1682 | -6/Waste | Spotted C-40 Crusher 1699 | -6/Waste | Spotted C-40 Crusher 1713 | -6/Waste | Spotted C-40 Crusher 1744 | -6/Waste | Spotted C-40 Crusher 1759 | -6/Waste | Discovered new exit (range 11) 1770 | -6/Waste | Identified exit to Factory 1771 | -6/Waste | Entered Factory 1876 | -6/Factory | Build established: Assassin 2438 | -6/Factory | Discovered new exit (range 7) 2452 | -6/Factory | Identified exit to Factory 2580 | -6/Factory | Entered another Factory area 2580 | -5/Factory | Evolved 2 slots: Utility x1, Weapon x1 2865 | -5/Factory | Build established: Skirmisher 3067 | -5/Factory | Lost 3 parts (2u1w) 3098 | -5/Factory | Discovered new exit (range 8) 3103 | -5/Factory | Identified exit to Upper Caves 3148 | -5/Factory | Entered Upper Caves 3348 | -5/Upper Caves | Build established: Assassin 3485 | -5/Upper Caves | Spotted B-75 Beast 3753 | -5/Upper Caves | Destroyed B-75 Beast 3840 | -5/Upper Caves | Learned Factory security intel 3903 | -5/Upper Caves | Attracted the attention of an 0b10 base 3926 | -5/Upper Caves | Discovered new exit (range 5) 3935 | -5/Upper Caves | Core integrity fell below 50% 3935 | -5/Upper Caves | Identified exit to Upper Caves 3938 | -5/Upper Caves | Entered another Upper Caves area 3955 | -5/Upper Caves | Lost 11 parts (3p2n2u4w) 3959 | -5/Upper Caves | Discovered new exit (range 16) 3975 | -5/Upper Caves | Identified exit to Factory 3977 | -5/Upper Caves | Entered Factory 3977 | -4/Factory | Evolved 2 slots: Propulsion x1, Utility x1 4016 | -4/Factory | Found Hvy. Reactive Plating 4419 | -4/Factory | Lost 7 parts (1p1n3u2w) 4651 | -4/Factory | Build established: Hacker-Mutant 4777 | -4/Factory | Discovered new exit (range 5) 4793 | -4/Factory | Entered Research 4793 | -3/Research | Evolved 2 slots: Propulsion x2 5086 | -3/Research | Lost 7 parts (1p3u3w) 5421 | -3/Research | Lost 3 parts (2n1u) 5761 | -3/Research | Found Gamma Bomb Array 6030 | -3/Research | Discovered new exit (range 10) 6081 | -3/Research | Build established: Scavenger-Gunner 6138 | -3/Research | Identified exit to Research 6140 | -3/Research | Entered another Research area 6140 | -2/Research | Evolved 2 slots: Utility x2 6931 | -2/Research | Destroyed 13 combat bots 6957 | -2/Research | Discovered new exit (range 6) 6970 | -2/Research | Identified exit to Access 6971 | -2/Research | Entered Access 6971 | -1/Access | Evolved 2 slots: Power x1, Weapon x1 7443 | -1/Access | Lost 4 parts (1p2u1w) 7609 | -1/Access | Lost 12 parts (2p6n3u1w) 7675 | -1/Access | Core integrity fell below 50% 7693 | -1/Access | Lost 14 parts (2p7n2u3w) 7700 | -1/Access | Core integrity fell below 20% 7720 | -1/Access | Destroyed by S-43 Plague with Heavy Machine Gun Last Messages --------------- 07654_ Energy Well destroyed. 07655_ Field strength at 28. 07656_ S-43 Plague destroyed. 07657_ Stasis field depleted. 07658_ Linear Accelerator destroyed. 07660_ Matter Neutralizer destroyed. 07660_ S-43 Plague destroyed. 07660_ K-01 Serf collects debris. 07661_ Lgt. Antimatter Reactor destroyed. 07661_ Xenon Bombardment Thruster destroyed. 07662_ Nuclear Pulse Array destroyed. 07662_ Field Propulsion Array destroyed. 07672_ Dropped Energy Well. 07672_ Discarded Imp. Armor Integrity Analyzer. 07673_ Extracted 5 energy. 07680_ STPSQCA,39TCM/D&0/HTK 07 07699_ Penetrated by Slug. 07700_ Slammed into A-15 Conveyor. 07713_ Connecting with Terminal... 07717_ Slammed into S-43 Plague. Map ----- +----------------------------------------------------+ | ????????# #??????# #??????#[ """"" # | | ????#####/######## #??????# # | | ????# # #??????# / | | ????#! # #??????############ | | ???## # #?????????????????# | | ???# # #?????????????????# | | ???## # #?????????????????# | | ????# ==! / #?????????????????# | | ????# ==! # #?????????????????# | | ????# == " "" # #?????????????????# | | ????# "R"" # #?????????????????# | | ????# """ # #?????????????????# | | ????# # #?????????????????# | | ????# # #?????????????????# | | ????############## #?????????????????# | | ?????????????????# #?????????????????# | | ?????????????????# #########?????????# | | ?????????????????# ? | | ?????????????????# ############???? | | ?????????????????# p # #??? | | ?????????????????# ss# #??? | | ?????????????????+ ss "" #??? | | ?????????????????# k p# """#????? | | ?????????????????# # T"#??????? ? | | ?????????????????# # """#??????????? | | ?????????????????# @ # "" #??????????? | | ?????????????????# # #??????????? | | ?????????????????# # #??????????? | | ?????????????????# # #??????????? | | ?????????????????# # #??????????? | | ?????????????????# ############??????????? | | ?????????????????# #?????????????????????? | | ?????????????????# #?????????????????????? | | ?????????????????# #?????????????????????? | | ?????????????????# #?????????????????????? | | ?????????????????# #?????????????????????? | | ?????????????????# #?????????????????????? | | ?????????????????# #?????????????????????? | | ?????????????????# ??????????????????????? | | ??????????????????? ??????????????????????? | | ????????????????????? ??????????????????????? | | ???????????????????????????????????????????????? | | ???????????????????????????????????????????????? | | ???????????????????????????????????????????????? | | ???????????????????????????????????????????????? | | ???????????????????????????????????????????????? | | ???????????????????????????????????????????????? | | ???????????????????????????????????????????????? | | ???????????????????????????????????????????????? | | ???????????????????????????????????????????????? | +----------------------------------------------------+ Best States ------------- Heat Dissipation 87 Coolant Potential 65 Energy Generation 85 Energy Capacity 1680 Matter Stores 590 Matter Capacity 600 Sight Range 18 Robot Scan Range 20 Terrain Scan Range 20 Terrain Scan Density 110 Jamming Range 12 Power Amplification 30 Heat Shielding 100 Armor Coverage 600 Resistance: KI 60 Resistance: TH 50 Resistance: EX 70 Resistance: EM 20 Resistance: I 20 Resistance: S 20 Resistance: P 20 Evasion (%) 63 Target Analysis 8 Armor Integrity Analysis 50 Recoil Reduction 2 Matter Filtering 30 Offensive Hacking 20 Defensive Hacking 10 Item Schematics ----------------- Imp. Transmission Jammer | -4/Factory | Scanalyzed Field Propulsion Drive | -4/Factory | Scanalyzed Hacking Suite | -4/Factory | Scanalyzed Robot Schematics ------------------ None Fabricated ------------ Nothing Alien Tech Used ----------------- None Achievements -------------- Universal Adapter Challenges ------------ None Game ------ Seed ThrusterDerelictMeganuke Manual? 0 Play Time 02:12:38 Cumulative 33.9 hours Start 2021.10.27 @ 20:44:44 End 2021.10.30 @ 17:48:46 Sessions 15 Manual Loads 0 Difficulty Adventurer Special Mode None Game No. 12 Rogue 0 Adventurer 1 Explorer 11 Win Type - Total 1 Types 1/0/0/0/0/0/0/0/0 Lore% 8 Gallery% 35 Achievement% 24 Wizard Run 0 Options --------- ASCII 0 Keyboard 0 Movement Mouse Keybinds 0 Fullscreen 1 Font 18/SmallcapsGlow Map View 76x50 Tactical HUD 1 Map Filters NONE Filters NONE Steam 1 RUN: aec976bd-3730-41c2-add8-6880383b4154